cohdb
Replays
Latest Replays
All Replays
Popular Replays
Top Player Replays
Match Explorer
How It Works
Community
CoH3 Stats
Reddit
Sign in to upload your games and track your stats! →
Sign in with Steam
Match 44882643
Unlisted
Match 44882643
Overview
Messages
Build Orders
End
Vickers Machine Gun Team
Construct Section Command Post
Selects Australian Defense Battlegroup
Dingo Light Scout Car
Selects Australian Light Infantry Section
Australian Light Infantry Section
Infantry Section
Construct Platoon Command Post
Selects 2-pounder Anti-tank Gun Team
2-pounder Anti-tank Gun Team
Grenade Package
CMP 15cwt Truck
Unlock Bishop Self-propelled Artillery
6-pounder Anti-tank Gun Team
6-pounder Anti-tank Gun Team
Kys-tier rat
JackCoded
오렌지플래닛
Mister Meow Kiss Kiss
Juli337
Dr Jello
Q7PoloRalph_Trendsetter
YangXYZ
0
0
Comments
sign in to comment!
No comments posted yet!